 Dungeon Crawl Stone Soup version 0.18-a0-846-g91b95b1 (webtiles) character file.

5932 vatarom the Destroyer (level 10, -13/75 HPs)
             Began as a Mottled Draconian Conjurer on Dec 19, 2015.
             Was a Priest of Vehumet.
             Hit by a javelin thrown by Urug (16 damage)
             ... on level 11 of the Dungeon on Dec 20, 2015.
             The game lasted 00:32:38 (11240 turns).

vatarom the Destroyer (Mottled Draconian Conjurer) Turns: 11240, Time: 00:32:39

Health: -13/75     AC: 13    Str: 10    XL:     10   Next: 54%
Magic:  14/21      EV: 12    Int: 21    God:    Vehumet [***...]
Gold:   486        SH:  0    Dex: 12    Spells: 8 memorised, 3 levels left

rFire  . . .     SeeInvis .     v - +3 battleaxe (distort)
rCold  . . .     Gourm    .     (armour unavailable)
rNeg   + . .     Faith    .     (shield currently unavailable)
rPois  .         Spirit   .     (helmet restricted)
rElec  .         Dismiss  .     e - +0 cloak
rCorr  +         Reflect  .     E - +1 pair of gloves
SustAt .         Harm     .     l - +0 pair of boots
MR     .....                    o - amulet of resist corrosion
Stlth  ++........               p - +2 ring of protection
                                A - ring of positive energy

@: very slightly contaminated, not resistant to hostile enchantments, unstealthy
A: breathe sticky flame splash, unfitting armour, antennae 1, clever 1, frail 1,
cold-blooded, AC +7
a: Breathe Sticky Flame, Renounce Religion


You were on level 11 of the Dungeon.
You worshipped Vehumet.
Vehumet was most pleased with you.
You were not hungry.

You visited 2 branches of the dungeon, and saw 13 of its levels.

You collected 558 gold pieces.
You spent 72 gold pieces at shops.

Inventory:

Hand Weapons
 c - a +0 whip
 k - a +2 dagger of speed
 s - a +4 club
 v - a +3 battleaxe of distortion (weapon)
Missiles
 g - 2 javelins (quivered)
Armour
 e - a +0 cloak (worn)
 l - a +0 pair of boots (worn)
 E - a +1 pair of gloves (worn)
Jewellery
 o - an amulet of resist corrosion (around neck)
 p - a +2 ring of protection (right hand)
 q - an uncursed ring of sustain attributes
 A - a ring of positive energy (left hand)
Wands
 F - a wand of disintegration (10/24)
 I - a wand of polymorph (7/24)
Scrolls
 b - 4 scrolls of identify
 f - 3 scrolls of teleportation
 h - 4 scrolls of noise
 m - 4 scrolls of remove curse
 u - a scroll of blinking
 y - a scroll of amnesia
 B - a scroll of fog
Potions
 i - 3 potions of might
 j - 2 potions of agility
 w - 2 potions of haste
 x - a potion of magic
 z - 3 potions of cancellation
 C - a potion of brilliance
 D - 3 potions of flight
Books
 a - a book of Conjurations

   Spells                             Type                      Level
   a - Magic Dart                     Conjuration                  1
   b - Searing Ray                    Conjuration                  2
   c - Dazzling Spray                 Conjuration/Hexes            3
   d - Fulminant Prism                Conjuration/Hexes            4
   e - Iskenderun's Mystic Blast      Conjuration                  4
   f - Iskenderun's Battlesphere      Conjuration/Charms           5
 G - a Young Poisoner's Handbook

   Spells                             Type                      Level
   a - Sting                          Conjuration/Poison           1
   b - Cure Poison                    Poison                       2
   c - Mephitic Cloud                 Conjuration/Poison/Air       3
   d - Olgreb's Toxic Radiance        Poison                       4
   e - Venom Bolt                     Conjuration/Poison           5
 H - a book of Maledictions

   Spells                             Type                      Level
   a - Corona                         Hexes                        1
   b - Ensorcelled Hibernation        Hexes/Ice                    2
   c - Confuse                        Hexes                        3
   d - Tukima's Dance                 Hexes                        3
   e - Dazzling Spray                 Conjuration/Hexes            3
 J - a book of Flames

   Spells                             Type                      Level
   a - Flame Tongue                   Conjuration/Fire             1
   b - Throw Flame                    Conjuration/Fire             2
   c - Conjure Flame                  Conjuration/Fire             3
   d - Inner Flame                    Hexes/Fire                   3
   e - Sticky Flame                   Conjuration/Fire             4
   f - Fireball                       Conjuration/Fire             5
Miscellaneous
 K - a piece from Xom's chessboard
Comestibles
 d - a meat ration
 n - 2 beef jerkies
 r - a royal jelly


   Skills:
 - Level 6.9 Fighting
 - Level 3.3 Axes
 - Level 1.7 Dodging
 - Level 1.7 Stealth
 + Level 7.7 Spellcasting
 - Level 10.0 Conjurations
 - Level 3.1 Charms
 + Level 6.4 Fire Magic


You had 3 spell levels left.
You knew the following spells:

 Your Spells              Type           Power        Failure   Level  Hunger
a - Magic Dart            Conj           ####         1%          1    None
b - Searing Ray           Conj           ######       1%          2    None
c - Dazzling Spray        Conj/Hex       ####....     1%          3    None
d - Iskenderun's Mystic   Conj           ######..     1%          4    ###....
e - Shock                 Conj/Air       ####         1%          1    None
f - Fulminant Prism       Conj/Hex       ####......   4%          4    ###....
g - Iskenderun's Battles  Conj/Chrm      #####...     4%          5    #####..
h - Flame Tongue          Conj/Fire      #####        1%          1    None


Dungeon Overview and Level Annotations

Branches:
Dungeon (12/15)            Temple (1/1) D:6            Lair (0/8) D:8
    Orc: D:9-12

Altars:
Ashenzari
Cheibriados
Dithmenos
Elyvilon
Fedhas
Gozag
Kikubaaqudgha
Makhleb
Nemelex Xobeh
Okawaru
Pakellas
Qazlal
Ru
Sif Muna
Trog
Vehumet
Xom
Yredelemnul
Zin
The Shining One

Shops:
D:9 !

Annotations:
D:11 Erolcha, Urug


Innate Abilities, Weirdness & Mutations

You can spit globs of burning liquid.
You can ignite nearby creatures when you spit burning liquid.
Your weird mottled scales are hard (AC +7).
Your body does not fit into most forms of armour.
You are cold-blooded and may be slowed by cold attacks.
You have a pair of small antennae on your head.
Your mind is acute. (Int +2)
You are frail (-10% HP).


Message History

What do you say? t - Shout!
Orders for allies: a - Attack new target. r - Retreat! s - Stop attacking. w - Wait here. f - Follow me.
Anything else - Stay silent.
Okay, then.
Read which item? (? for menu, Esc to quit)
As you read the scroll of fog, it crumbles to dust.
The scroll dissolves into smoke.
Unknown command.
Read which item? (? for menu, Esc to quit)
As you read the scroll of teleportation, it crumbles to dust.
You feel strangely unstable.
Unknown command.
Your surroundings suddenly seem different.
Urug the Orcish Ballista comes into view.
He is wielding a great mace.
Urug shouts!
Urug throws a javelin.
The javelin hits you!
You die...

###############
...............
o.......>......
.......@.......
.##..../.......
############.


You could see Urug.

Vanquished Creatures
  A two-headed ogre (D:10)
  A wyvern (D:8)
  A wraith (D:12)
  2 hippogriffs
  2 water moccasins
  3 ice beasts
  A phantom (D:3)
  2 sky beasts
  7 orc warriors
  4 ogres
  3 centaurs
  A wasp (D:9)
  2 big kobolds
  5 giant frogs
  2 scorpions
  11 killer bees
  3 wights (D:10)
  4 crimson imps
  5 hounds
  2 orc priests (D:5)
  11 orc wizards
  2 giant frog skeletons
  2 gnoll shamans (D:6)
  Jessica (D:3)
  Ijyb (D:3)
  Terence (D:2)
  6 worker ants
  2 hound skeletons
  19 gnolls
  A worker ant zombie (D:7)
  Robin (D:2)
  9 adders
  2 shadow imps
  2 oozes (D:1)
  2 adder zombies
  An adder skeleton (D:4)
  8 giant geckos
  36 orcs
  2 giant cockroaches (D:1)
  13 goblins
  12 hobgoblins
  24 kobolds
  9 quokkas
  6 ball pythons
  9 bats
  A giant gecko skeleton (D:5)
  6 giant newts
  10 jackals
  5 rats
266 creatures vanquished.

Vanquished Creatures (others)
  A centaur zombie (D:9)
  A centaur (D:6)
  A giant frog (D:7)
  A big kobold (D:10)
  A giant frog zombie (D:7)
  A killer bee zombie (D:7)
  3 fulminant prisms
9 creatures vanquished.

Grand Total: 275 creatures vanquished

Notes
Turn   | Place    | Note
--------------------------------------------------------------
     0 | D:1      | vatarom the Draconian Conjurer began the quest for the Orb.
     0 | D:1      | Reached XP level 1. HP: 14/14 MP: 3/3
    56 | D:1      | Reached skill level 1 in Fighting
   144 | D:1      | Reached XP level 2. HP: 21/23 MP: 0/5
   393 | D:1      | Learned a level 2 spell: Searing Ray
   431 | D:1      | Upgraded the game from 0.18-a0-844-g9229740 to 0.18-a0-846-g91b95b1
   699 | D:2      | Noticed Robin
   703 | D:1      | Reached XP level 3. HP: 26/29 MP: 3/6
   782 | D:2      | Learned a level 3 spell: Dazzling Spray
  1023 | D:1      | Reached XP level 4. HP: 3/37 MP: 0/7
  1448 | D:2      | Noticed Terence
  1486 | D:2      | Killed Terence
  1565 | D:2      | Reached XP level 5. HP: 35/45 MP: 1/8
  1768 | D:2      | Reached skill level 5 in Conjurations
  1793 | D:2      | Killed Robin
  1854 | D:2      | Got a scorched helmet
  1949 | D:2      | Found a white marble altar of Elyvilon.
  2334 | D:3      | Noticed Ijyb
  2362 | D:3      | Killed Ijyb
  2494 | D:3      | Found a basalt altar of Yredelemnul.
  2542 | D:3      | Noticed Jessica
  2545 | D:3      | Found a white marble altar of Elyvilon.
  2548 | D:3      | Killed Jessica
  3034 | D:4      | Reached XP level 6. HP: 46/53 MP: 3/9
  3133 | D:5      | Entered Level 5 of the Dungeon
  3471 | D:4      | Learned a level 4 spell: Iskenderun's Mystic Blast
  3484 | D:4      | Found a radiant altar of Vehumet.
  3500 | D:4      | Reached skill level 5 in Fighting
  3500 | D:4      | Reached skill level 6 in Conjurations
  3584 | D:4      | Became a worshipper of Vehumet
  3612 | D:4      | Found an opulent altar of Gozag.
  3619 | D:4      | Found a snail-covered altar of Cheibriados.
  3619 | D:4      | Found an ancient bone altar of Kikubaaqudgha.
  3619 | D:4      | Found a shattered altar of Ashenzari.
  3621 | D:4      | Found a blossoming altar of Fedhas.
  3622 | D:4      | Found a shimmering altar of Xom.
  4357 | D:3      | Your scales start taking on a weird mottled colour.
  4357 | D:3      | Reached XP level 7. HP: 46/61 MP: 0/10
  4488 | D:5      | Reached skill level 7 in Conjurations
  4828 | D:5      | Reached XP level 8. HP: 42/71 MP: 1/11
  4963 | D:5      | Reached skill level 8 in Conjurations
  5279 | D:5      | Reached * piety under Vehumet
  5279 | D:5      | Offered knowledge of Shock by Vehumet.
  5373 | D:5      | Learned a level 1 spell: Shock
  6133 | D:6      | Found a stormy altar of Qazlal.
  6143 | D:6      | Reached skill level 9 in Conjurations
  6265 | D:6      | Learned a level 4 spell: Fulminant Prism
  6423 | D:6      | Found a staircase to the Ecumenical Temple.
  6484 | Temple   | Entered the Ecumenical Temple
  6694 | D:6      | Reached skill level 5 in Spellcasting
  6809 | D:6      | Reached XP level 9. HP: 42/78 MP: 9/16
  7171 | D:7      | Found a deep blue altar of Sif Muna.
  7576 | D:8      | Learned a level 5 spell: Iskenderun's Battlesphere
  7584 | D:8      | Found a sparkling altar of Nemelex Xobeh.
  7611 | D:8      | Reached ** piety under Vehumet
  7611 | D:8      | Offered knowledge of Flame Tongue by Vehumet.
  7614 | D:8      | Learned a level 1 spell: Flame Tongue
  7814 | D:8      | Reached skill level 1 in Fire Magic
  8010 | D:8      | Reached skill level 10 in Conjurations
  8259 | D:8      | Reached skill level 1 in Axes
  8792 | D:8      | Found a staircase to the Lair.
  8971 | D:8      | Identified the +0 helmet "Colar" {rElec rPois rN++ Str-3} (You took it off Robin on level 2 of the Dungeon)
  9146 | D:9      | Found Emuts's Distillery.
  9149 | D:9      | Bought 2 potions of curing for 72 gold pieces
  9212 | D:9      | Reached skill level 1 in Charms
  9253 | D:9      | Noticed a centaur zombie
  9500 | D:9      | Banished a centaur zombie
  9674 | D:9      | Gained mutation: You have a pair of small antennae on your head. [mutagenic glow]
  9687 | D:9      | Reached XP level 10. HP: 79/84 MP: 7/19
  9708 | D:9      | Gained mutation: You are frail (-10% HP). [mutagenic glow]
  9760 | D:9      | Gained mutation: Your mind is acute. (Int +2) [mutagenic glow]
  9936 | D:9      | Offered knowledge of Throw Frost by Vehumet.
 10208 | D:10     | Entered Level 10 of the Dungeon
 10223 | D:10     | Reached skill level 5 in Fire Magic
 10234 | D:10     | Reached *** piety under Vehumet
 10289 | D:10     | Noticed a hill giant
 10780 | D:10     | You fall through a shaft for 2 floors!
 10780 | D:12     | XOM: swap monsters
 10784 | D:12     | Offered knowledge of Ignite Poison by Vehumet.
 11135 | D:11     | XOM: colour smoke trail
 11219 | D:11     | Noticed Erolcha
 11228 | D:11     | HP: 2/75 [orc warrior/flail (17)]
 11234 | D:11     | HP: 1/75 [something/orb of energy (16)]
 11240 | D:11     | Noticed Urug
 11240 | D:11     | Hit by a javelin thrown by Urug

Vault maps used:
D:1:      dpeg_arrival_simpleton_a
D:2:      first_bread, elyvilon_altar_5, uniq_robin, uniq_terence
D:3:      kennysheep_ying_yang, uniq_iyjb, uniq_jessica
D:4:      fiery_altar_vehumet, minitemple
D:6:      kennysheep_six_static_rooms, grunt_qazlal_clouds,
          minmay_temple_entry_glassed_door
D:7:      led_sif_pool, kennysheep_generic_room_11
D:8:      nemelex_deck, lair_0_dummy
D:9:      serial_shops, nicolae_shop_window_shopping, nicolae_underground_beach
D:11:     minivault_1, uniq_urug, uniq_erolcha
D:12:     david_orc_3, blue_anna_alchemist, minmay_misc_feat_tiny
Temple:   jpeg_temple_alley_garden_8

Action                   |  1- 3 |  4- 6 |  7- 9 | 10-12 || total
-------------------------+-------+-------+-------+-------++-------
Melee: Unarmed           |     4 |       |       |       ||     4
       Whip              |    25 |   125 |       |       ||   150
       Dagger            |       |   162 |    69 |       ||   231
       Club              |       |     3 |       |       ||     3
       Battleaxe         |       |       |   163 |    68 ||   231
Throw: Javelin           |       |     1 |       |       ||     1
 Cast: Magic Dart        |    36 |    44 |    64 |    12 ||   156
       Searing Ray       |     2 |     9 |     6 |     2 ||    19
       Dazzling Spray    |     1 |     8 |    23 |     7 ||    39
       Iskenderun's Myst |       |     5 |    20 |     7 ||    32
       Shock             |       |       |    12 |       ||    12
       Flame Tongue      |       |       |     9 |    22 ||    31
       Iskenderun's Batt |       |       |     4 |    13 ||    17
       Fulminant Prism   |       |       |       |     3 ||     3
 Abil: Breathe Sticky Fl |       |       |     7 |     2 ||     9
Evoke: Piece from Xom's  |       |       |       |     2 ||     2
  Use: Potion            |     2 |     7 |     5 |     6 ||    20
       Scroll            |     3 |     7 |     8 |     4 ||    22
 Stab: Invisible         |     2 |     2 |     3 |       ||     7
       Sleeping          |       |     3 |       |     1 ||     4
  Eat: Bread ration      |       |     3 |     1 |       ||     4
       Beef jerky        |       |     2 |       |       ||     2
       Meat ration       |       |       |     4 |     2 ||     6
       Pizza             |       |       |     1 |       ||     1
